 Dungeon Crawl Stone Soup version 0.20.1-1-g8b1a95d (webtiles) character file.

3958 Trendyboy the Covert (level 10, 0/68 HPs)
             Began as a Merfolk Hunter on July 8, 2017.
             Was a Priest of Dithmenos.
             Slain by a killer bee (6 damage)
             ... on level 8 of the Dungeon on July 9, 2017.
             The game lasted 00:55:25 (9624 turns).

Trendyboy the Covert (Merfolk Hunter)               Turns: 9624, Time: 00:55:25

Health: 0/68       AC:  6    Str: 13    XL:     10   Next: 21%
Magic:  10/10      EV: 18    Int: 13    God:    Dithmenos [***...]
Gold:   83         SH:  4    Dex: 18    Spells: 9/9 levels left

rFire    + + .     SeeInvis .   n - +2 rapier (venom)
rCold    + . .     Gourm    .   j - +0 buckler
rNeg     . . .     Faith    .   M - +1 leather armour {rF+}
rPois    .         Spirit   .   N - +0 helmet
rElec    .         Reflect  .   s - scarf {rC+ rF+}
rCorr    .         Harm     .   (no gloves)
MR       .....                  y - +0 pair of boots
Stlth    ++++++....             (no amulet)
Regen    0.3/turn               w - ring of wizardry
MPRegen  0.2/turn               U - +3 ring of intelligence

@: lethally poisoned (0 -> -3), flying (expiring), wreathed by umbra
A: change form in water, swift swim, stealthy swim
a: Shadow Step, Renounce Religion


You were on level 8 of the Dungeon.
You worshipped Dithmenos.
Dithmenos was most pleased with you.
You were not hungry.

You visited 1 branch of the dungeon, and saw 8 of its levels.

You collected 405 gold pieces.
You spent 322 gold pieces at shops.

Inventory:

Hand Weapons
 b - a +0 short sword
 k - a +1 dagger of speed
 n - a +2 rapier of venom (weapon)
 t - a +2 dagger of venom
 z - a -2 dagger
 B - a +0 vampiric short sword
 F - a +0 whip of freezing
 G - a +0 rapier
 P - the +12 mace of Mayhem {speed, rC+ Dex+4 Stlth+, unknown}
   (You found it on level 5 of the Dungeon)

   Attacks with this weapon are significantly faster.
   It affects your dexterity (+4).
   It protects you from cold.
   It makes you more stealthy.
Missiles
 d - 56 sling bullets
 e - 228 stones (quivered)
Armour
 c - a +0 leather armour
 j - a +0 buckler (worn)
 s - a scarf of resistance (worn)
 y - a +0 pair of boots (worn)
 H - a +0 leather armour
 M - a +1 leather armour of fire resistance (worn)
 N - a +0 helmet (worn)
 Q - a +0 cloak
Jewellery
 o - an uncursed amulet of inaccuracy
 u - an uncursed ring of loudness
 w - a ring of wizardry (left hand)
 U - a +3 ring of intelligence (right hand)
Wands
 O - a wand of acid (8/15)
Scrolls
 a - 2 scrolls of recharging
 h - 6 scrolls of remove curse
 i - a scroll of enchant armour {unknown}
 m - 3 scrolls of noise
 C - a scroll of fear {unknown}
 K - a scroll of fog {unknown}
 T - a scroll of amnesia {unknown}
Potions
 f - a potion of invisibility {unknown}
 g - a potion of agility {unknown}
 q - a potion of flight
 x - a potion of ambrosia {unknown}
 A - 2 potions of might
 D - a potion of magic {unknown}
 E - a potion of lignification {unknown}
 J - a potion of mutation {unknown}
 S - 2 potions of cancellation
Books
 L - a book of Flames

   Spells                             Type                      Level
   a - Flame Tongue                   Conjuration/Fire             1
   b - Throw Flame                    Conjuration/Fire             2
   c - Conjure Flame                  Conjuration/Fire             3
   d - Inner Flame                    Hexes/Fire                   3
   e - Sticky Flame                   Conjuration/Fire             4
   f - Fireball                       Conjuration/Fire             5
   Dithmenos disapproves of the use of such an item.
Comestibles
 p - 3 royal jellies
 r - 5 bread rations
 v - 3 meat rations
 I - a fruit


   Skills:
 - Level 2.3 Fighting
 - Level 10.0 Short Blades
   Level 3.8 Slings
 - Level 0.5 Armour
 + Level 10.1 Dodging
 * Level 10.2 Stealth


You had 9 spell levels left.
You didn't know any spells.

Dungeon Overview and Level Annotations

Branches:
Dungeon (8/15)             Temple (0/1) D:5
   Lair: D:8-11

Altars:
Cheibriados
Dithmenos
Elyvilon
Ru
Trog
Uskayaw
Zin

Shops:
D:7 [=!

Annotations:
D:5 Toogi's ghost, novice TeAE


Message History

You closely miss the killer bee.
The killer bee is severely wounded.
The killer bee barely misses you. The killer bee closely misses you.
The killer bee misses you.
Your shield and leather armour prevent you from hitting the killer bee.
The killer bee is almost dead.
You kill the killer bee!
Dithmenos accepts your kill. You block the killer bee's attack.
You barely miss the killer bee.
You are starting to lose your buoyancy.
The killer bee barely misses you. The killer bee misses you.
The killer bee stings you.
* * * LOW HITPOINT WARNING * * *
You are poisoned.
The killer bee poisons you! You block the killer bee's attack.
You hit the killer bee.
The killer bee is poisoned.
The killer bee is moderately wounded.
You feel sick. The killer bee stings you.
You die...

#...$........................#
##.....!......# .............#
......##.#.†..###.............#
?........#.........# #.....†.#
.#......#.........# #........
.........##........# #.......#
.........##....†...# ####....##
..##.....##..yy...###.........#
.........##...@...# #.........#
..#.....##.......# #.........#
...########.......###..........
.. #........##..........
######....#...###.....
#.........#...###.....
####.........#...........
###........................
...........................


You could see 2 killer bees.

Vanquished Creatures
  Pikel (D:4)
  Grinder (D:5)
  Eustachio (D:5)
  Menkaure (D:4)
  A phantom (D:8)
  An ice beast (D:6)
  2 sky beasts
  2 black bears
  5 ogres
  8 bullfrogs
  2 gnoll sergeants (D:5)
  4 scorpions
  4 killer bees (D:8)
  5 howler monkeys
  5 crimson imps
  Crazy Yiuf (D:5)
  A gnoll shaman (D:3)
  An orc priest (D:7)
  4 hounds
  3 iguanas
  3 orc wizards
  3 worker ants
  A killer bee zombie (D:7)
  A hound zombie (D:7)
  A hound skeleton (D:7)
  Robin (D:3)
  7 adders
  6 gnolls
  A shadow imp (D:8)
  An ooze (D:1)
  2 worms (D:4)
  3 dart slugs
  7 leopard geckos
  14 orcs
  8 giant cockroaches
  23 goblins
  11 hobgoblins
  2 jackals (D:5)
  6 quokkas
  2 ball pythons
  5 bats
  5 frilled lizards
  15 kobolds
  A leopard gecko zombie (D:6)
  5 rats
  A fungus (D:5)
188 creatures vanquished.

Vanquished Creatures (others)
  2 slaves (D:4)
  A phantom (D:4)
  A hound (D:4)
  A leopard gecko (D:4)
  An orc (D:4)
  2 giant cockroaches (D:4)
8 creatures vanquished.

Grand Total: 196 creatures vanquished

Notes
Turn   | Place    | Note
-------+----------+-------------------------------------------
     0 | D:1      | Trendyboy the Merfolk Hunter began the quest for the Orb.
     0 | D:1      | Reached XP level 1. HP: 16/16 MP: 1/1
   205 | D:1      | Reached XP level 2. HP: 23/23 MP: 2/2
   555 | D:1      | Reached XP level 3. HP: 28/28 MP: 3/3
   693 | D:1      | Reached skill level 1 in Short Blades
   856 | D:2      | Found a shadowy altar of Dithmenos.
  1186 | D:2      | Reached XP level 4. HP: 19/34 MP: 4/4
  1196 | D:2      | Became a worshipper of Dithmenos the Shadowed
  2218 | D:3      | Reached * piety under Dithmenos
  2307 | D:3      | Noticed Robin
  2324 | D:3      | Reached XP level 5. HP: 37/39 MP: 5/5
  2429 | D:3      | Killed Robin
  2673 | D:3      | Found a glowing drain.
  2787 | D:3      | Found a sacrificial altar of Ru.
  2929 | D:3      | Found a snail-covered altar of Cheibriados.
  3403 | D:4      | Reached XP level 6. HP: 45/45 MP: 6/6
  3436 | D:4      | Reached skill level 5 in Short Blades
  3516 | D:4      | HP: 1/45 [hound (4)]
  3728 | D:4      | Reached ** piety under Dithmenos
  3848 | D:4      | Got a twisted ring mail
  3939 | D:4      | Noticed a slave
  3942 | D:4      | Noticed a slave
  3942 | D:4      | Noticed a slave
  3943 | D:4      | Noticed Pikel
  3943 | D:4      | Noticed a slave
  4254 | D:4      | Killed Pikel
  4254 | D:4      | Reached skill level 5 in Dodging
  4254 | D:4      | Reached XP level 7. HP: 27/51 MP: 7/7
  4271 | D:4      | Reached XP level 8. HP: 21/57 MP: 8/8
  4601 | D:4      | Found a bloodstained altar of Trog.
  4655 | D:4      | Noticed Menkaure
  5069 | D:4      | Killed Menkaure
  5123 | D:4      | Found a sacrificial altar of Ru.
  5592 | D:5      | Entered Level 5 of the Dungeon
  5612 | D:5      | Noticed Eustachio
  6106 | D:5      | Noticed Toogi's ghost (novice TeAE)
  6729 | D:5      | Killed Eustachio
  6930 | D:5      | Reached skill level 5 in Stealth
  7485 | D:5      | Noticed Grinder
  7485 | D:5      | Paralysed by Grinder for 2 turns
  7498 | D:5      | Killed Grinder
  7498 | D:5      | Reached XP level 9. HP: 48/62 MP: 9/9
  7517 | D:5      | Found a staircase to the Ecumenical Temple.
  7950 | D:5      | Found a runed door.
  7953 | D:5      | Got an iridescent mace
  7955 | D:5      | Noticed Crazy Yiuf
  7963 | D:5      | Killed Crazy Yiuf
  8260 | D:6      | Found a hide-covered altar of Uskayaw.
  8299 | D:6      | Reached skill level 10 in Short Blades
  8379 | D:6      | Found a white marble altar of Elyvilon.
  8910 | D:7      | Found Cusch's Distillery.
  8912 | D:7      | Found Syheqyon's Jewellery Emporium.
  8928 | D:7      | Bought a potion of flight for 42 gold pieces
  8928 | D:7      | Bought a potion of heal wounds for 70 gold pieces
  8928 | D:7      | Bought a potion of might for 56 gold pieces
  8955 | D:7      | Reached *** piety under Dithmenos
  8984 | D:7      | Found Didonog's Armour Boutique.
  9096 | D:7      | Bought a +1 leather armour of fire resistance for 154 gold pieces
  9464 | D:8      | Reached XP level 10. HP: 64/68 MP: 10/10
  9577 | D:8      | Reached skill level 10 in Stealth
  9581 | D:8      | Found a glowing silver altar of Zin.
  9592 | D:8      | Reached skill level 10 in Dodging
  9624 | D:8      | Slain by a killer bee

Skill      XL: |  1  2  3  4  5  6  7  8  9 10 |
---------------+-------------------------------+-----
Short Blades   | 1 2 4 7 8 9 10 | 10.0
Stealth        | 2 3 5 9 10 | 10.2
Dodging        | 3 5 8 9 10 | 10.1
Fighting       | |  2.3
Slings         | |  3.8
Armour         | |  0.5

Action                   |  1- 3 |  4- 6 |  7- 9 | 10-12 || total
-------------------------+-------+-------+-------+-------++-------
Melee: Short sword       |     8 |       |       |       ||     8
       Dagger            |    55 |   277 |   136 |       ||   468
       Rapier            |       |       |   225 |    63 ||   288
       Tailslap          |       |       |     2 |       ||     2
 Fire: Hunting sling     |    44 |    23 |     9 |       ||    76
  Use: Scroll            |     1 |    10 |     8 |       ||    19
       Potion            |       |     4 |     5 |     6 ||    15
 Stab: Sleeping          |       |     6 |     8 |       ||    14
       Distracted        |       |     1 |     1 |       ||     2
  Eat: Bread ration      |     1 |       |       |       ||     1
       Meat ration       |       |     2 |     3 |       ||     5
Armor: Leather armour    |     8 |    32 |    43 |    13 ||    96
Dodge: Dodged            |    32 |   129 |   246 |   140 ||   547
Block: Buckler           |     7 |    24 |    48 |    31 ||   110
